 Dungeon Crawl Stone Soup version 0.31.0-9-g3a7656b989 (webtiles) character file.

Game seed: 6357093318450948881

3387 KyoPewz the Gouger (level 9, -2/47 (48) HPs)
             Began as a Felid Enchanter on Jan 25, 2024.
             Was a Follower of Dithmenos.
             Slain by a wight
             ... wielding a +1 scimitar of protection
              (17 damage)
             ... on level 7 of the Dungeon.
             The game lasted 00:28:46 (7269 turns).

KyoPewz the Gouger (Felid Enchanter)                Turns: 7269, Time: 00:28:47

HP:   -2/47 (48)    AC:  2    Str:  4    XL:     9   Next: 74%
MP:   6/13          EV: 18    Int: 20    God:    Dithmenos [*.....]
Gold: 363           SH:  0    Dex: 26    Spells: 4/12 levels left
                                        Lives: 0   Deaths: 3

rFire   . .          .
                       - Unarmed
rCold   . . .        (shield unavailable)
rNeg    + . .        (body armour unavailable)
rPois   .            (helmet unavailable)
rElec   .            (cloak unavailable)
rCorr   .            (gloves unavailable)
SInv    +            (boots unavailable)
Will    +....        (no amulet)
Stlth   ++++++       w - +6 ring of dexterity
HPRegen 0.27/turn    N - ring of positive energy
MPRegen 0.13/turn

%: no passive effects
@: confusing by touch, wreathed by umbra, lightly drained
A: very small, claws 1, fangs 3, see invisible, shaggy fur 2, stealthy paws, no
weapons or thrown items, no armour, multi-lived
a: Renounce Religion


You were on level 7 of the Dungeon.
You worshipped Dithmenos.
Dithmenos was aware of your devotion.
You visited 2 branches of the dungeon, and saw 8 of its levels.

You collected 385 gold pieces.
You spent 22 gold pieces at shops.

Inventory:

Jewellery
 i - an amulet of faith
 w - a +6 ring of dexterity (left paw)
 N - a ring of positive energy (right paw)
Talismans
 o - a beast talisman
Wands
 s - a wand of flame (14)
 v - a wand of paralysis (7)
 A - a wand of mindburst (15)
Scrolls
 d - 8 scrolls of amnesia
 e - a scroll of enchant weapon {unknown}
 f - 2 scrolls of vulnerability
 g - 2 scrolls of poison
 h - a scroll of immolation {unknown}
 j - 2 scrolls of teleportation {unknown}
 k - a scroll of enchant armour {unknown}
 r - 2 scrolls of identify
 u - 3 scrolls of fear {unknown}
 x - a scroll of revelation {unknown}
 y - a scroll of noise {unknown}
 z - a scroll of fog {unknown}
 B - 2 scrolls of blinking
Potions
 a - 2 potions of invisibility
 b - a potion of degeneration {unknown}
 c - 2 potions of brilliance {unknown}
 l - 3 potions of heal wounds
 m - a potion of magic {unknown}
 n - a potion of enlightenment {unknown}
 p - 2 potions of attraction {unknown}
 q - 2 potions of mutation
 t - a potion of curing {unknown}


   Skills:
 + Level 5.7 Fighting
 - Level 2.6 Dodging
 + Level 9.3 Stealth
 + Level 9.9 Unarmed Combat
 - Level 2.0 Spellcasting
 - Level 7.0 Hexes
 - Level 3.0 Ice Magic


You had 4 spell levels left.
You knew the following spells:

 Your Spells              Type           Power      Damage    Failure   Level
a - Ensorcelled Hibernat  Hex/Ice        44%        N/A       3%          2
b - Confusing Touch       Hex            30%        N/A       2%          3
c - Dazzling Flash        Conj/Hex       32%        N/A       11%         3

Your spell library contained the following spells:

 Spells                   Type           Power      Damage    Failure   Level
 Tukima's Dance           Hex            30%        N/A       2%          3
 Magic Dart               Conj           8%         1d3       16%         1
 Shock                    Conj/Air       8%         1d3       16%         1
 Lesser Beckoning         Tloc           4%         N/A       24%         2
 Momentum Strike          Conj/Tloc      4%         3d8       24%         2
 Searing Ray              Conj           4%         2d4       24%         2
 Hailstorm                Conj/Ice       8%         3d5       26%         3
 Summon Ice Beast         Ice/Summ       8%         N/A       26%         3
 Swiftness                Air            2%         N/A       43%         3
 Airstrike                Air            1%         2d(1-17)  83%         4
 Fulminant Prism          Conj/Alch      1%         3d5       83%         4
 Iskenderun's Mystic Bla  Conj/Tloc      2%         2d3       83%         4
 Passage of Golubria      Tloc           2%         N/A       83%         4
 Sculpt Simulacrum        Ice/Alch       4%         N/A       100%        6
 Disjunction              Tloc           1%         N/A       100%        8
 Dimensional Bullseye     Hex/Tloc       Unusable   N/A       N/A         4

Dungeon Overview and Level Annotations

Branches:
Dungeon (7/15)             Temple (1/1) D:7

Altars:
Ashenzari
Cheibriados
Dithmenos
Elyvilon
Gozag
Hepliaklqana
Kikubaaqudgha
Makhleb
Okawaru
Qazlal
Ru
Sif Muna
Trog
Uskayaw
Vehumet
Wu Jian
Xom
Yredelemnul
Zin
The Shining One

Shops:
D:1 ?   D:4 *

Annotations:
D:4 2 transporters, raetorn's ghost, amateur DjCj


Innate Abilities, Weirdness & Mutations

You have sharp claws.
You have razor-sharp teeth.
You have supernaturally acute eyesight. (SInv)
You are covered in thick fur. (AC +2)
Your paws help you pounce on unaware monsters.
You are incapable of wielding weapons or throwing items.
You cannot wear armour.
You gain extra lives every three experience levels.


Message History

You partially resist.
You feel drained. The wight misses you.
You take 10 damage, and have 38/47 hp.
MASSIVE DAMAGE!!
You barely miss the wight. You bite the wight, but do no damage.
The wight is moderately damaged.
The wight closely misses you.
You scratch the wight.
The wight is heavily damaged.
The wight completely misses you. The wight misses you.
You barely miss the wight.
The wight is heavily damaged.
The wight hits you with a +4 mace. The wight closely misses you.
You take 1 damage, and have 38/47 hp.
You completely miss the wight.
The wight is heavily damaged.
The wight misses you.
Casting: Confusing Touch (dangerous; 2% risk of failure)
Confirm with . or Enter, or press ? or * to list all spells.
Your paws begin to glow red.
The wight completely misses you. x2
You now have 8/13 mp.
You barely miss the wight. The wight completely misses you.
The wight hits you with a +1 scimitar of protection.
You take 4 damage, and have 34/47 hp.
You scratch the wight but do no damage.
The wight appears confused.
You bite the wight.
The wight is heavily damaged.
The wight completely misses you.
The wight hits you with a +1 scimitar of protection!
The wight misses you.
You take 10 damage, and have 24/47 hp.
MASSIVE DAMAGE!!
The wight attacks as it pursues you! The wight misses you.
The wight attacks as it pursues you! The wight closely misses you.
The wight attacks as it pursues you! The wight completely misses you.
Casting: Confusing Touch (dangerous; 2% risk of failure)
Confirm with . or Enter, or press ? or * to list all spells.
Your paws begin to glow red.
The wight completely misses you.
The wight hits you with a +1 scimitar of protection!
You take 9 damage, and have 15/47 hp.
You now have 6/13 mp.
You scratch the wight but do no damage. The wight completely misses you.
The wight hits you with a +1 scimitar of protection!
You die...

#...............# #........
#.##....[......## ##........
#.###..........# #......... ##.#
##........## ##......... ###..##
##......#####..........
##.....## #.....##............(
#.......#####...###.⌠8..........
#..............##z.............#
#.........##...@z.>.⌠8........##
#..........######...........###
#...........# ##..⌠8.....##
#...........## #........##
##...........## #......###
#.......(....# ###.z..#
##..........## ####.#
##........## ..# #....##### .#


You could see 3 wights.

Vanquished Creatures
  Prince Ribbit (D:7)
  Eustachio (D:6)
  Menkaure (D:4)
  An acid dragon (D:6)
  A water moccasin (D:6)
  Duvessa (D:7)
  3 sky beasts
  3 ice beasts
  2 black bears
  2 ogres
  A centaur (D:6)
  A phantom (D:4)
  2 bullfrogs (D:7)
  3 scorpions
  6 wights
  Dowan (D:7)
  A howler monkey (D:6)
  2 hounds
  Crazy Yiuf (D:4)
  2 jellies
  3 bombardier beetles
  3 orc priests
  5 iguanas
  2 orc wizards
  A sleepcap (D:6)
  10 gnolls
  7 adders
  A shadow imp (D:5)
  2 ufetubi (D:6)
  5 dart slugs
  3 ribbon worms
  11 orcs
  5 ball pythons
  5 endoplasms
  2 giant cockroaches
  4 goblins
  10 hobgoblins
  8 jackals
  4 kobolds
  A quokka (D:1)
  4 bats
  3 frilled lizards
  2 rats (D:1)
137 creatures vanquished.

Vanquished Creatures (others)
  An orc (D:3)
1 creature vanquished.

Grand Total: 138 creatures vanquished

Notes
Turn   | Place    | Note
-------+----------+-------------------------------------------
     0 | D:1      | KyoPewz the Felid Enchanter began the quest for the Orb.
     0 | D:1      | Reached XP level 1. HP: 9/9 MP: 4/4
   247 | D:1      | Reached XP level 2. HP: 13/13 MP: 6/6
   250 | D:1      | Learned a level 2 spell: Ensorcelled Hibernation
   539 | D:1      | Found a faded altar of an unknown god.
   789 | D:1      | Found Secec's Magic Scroll Boutique.
   792 | D:1      | Bought a scroll of identify for 22 gold pieces
  1032 | D:2      | Reached skill level 1 in Ice Magic
  1042 | D:2      | Found a radiant altar of Vehumet.
  1115 | D:2      | Got the Elucidation of Orientation
  1134 | D:2      | Reached XP level 3. HP: 16/16 MP: 7/7
  1631 | D:3      | Found a shimmering blue altar of Sif Muna.
  1639 | D:3      | Found a hide-covered altar of Uskayaw.
  1643 | D:3      | Found a burning altar of Makhleb.
  1790 | D:3      | Found a glowing golden altar of the Shining One.
  2198 | D:3      | Found a white marble altar of Elyvilon.
  2321 | D:3      | Reached XP level 4. HP: 21/21 MP: 8/8
  2321 | D:3      | Gained a life (2 lives remaining)
  2492 | D:3      | Reached XP level 5. HP: 23/24 MP: 6/9
  2675 | D:4      | Noticed a phantom
  2687 | D:3      | Incinerated by a bombardier beetle
  2687 | D:3      | Lost a life (1 life remaining)
  2916 | D:4      | Reached skill level 5 in Unarmed Combat
  2916 | D:4      | Gained mutation: You are covered in thick fur. (AC +2)
                  | [Felid growth]
  2916 | D:4      | Reached XP level 6. HP: 28/28 MP: 7/10
  2934 | D:3      | Learned a level 3 spell: Confusing Touch
  2938 | D:3      | Learned a level 3 spell: Dazzling Flash
  3020 | D:4      | Found Zin's Purification Station.
  3027 | D:4      | Found a glowing silver altar of Zin.
  3056 | D:4      | Slain by an iguana
  3056 | D:4      | Lost a life (0 lives remaining)
  3177 | D:4      | Found a transporter.
  3178 | D:4      | Noticed raetorn's ghost (amateur DjCj)
  3198 | D:4      | Reached skill level 5 in Hexes
  3228 | D:4      | Found a transporter.
  3384 | D:4      | Reached XP level 7. HP: 16/32 MP: 6/11
  3384 | D:4      | Gained a life (1 life remaining)
  3515 | D:4      | Found a runed translucent door.
  3516 | D:4      | Noticed Crazy Yiuf
  3523 | D:4      | Killed Crazy Yiuf
  3598 | D:4      | Noticed Menkaure
  3671 | D:4      | Killed Menkaure
  3845 | D:5      | Entered Level 5 of the Dungeon
  4370 | D:5      | Reached XP level 8. HP: 36/36 MP: 12/12
  4677 | D:5      | Reached skill level 1 in Fighting
  5405 | D:6      | Found a shadowy altar of Dithmenos.
  5409 | D:6      | Noticed Eustachio
  5411 | D:6      | Became a worshipper of Dithmenos the Shadowed
  5417 | D:6      | Killed Eustachio
  5418 | D:6      | Reached skill level 5 in Stealth
  5857 | D:6      | Reached XP level 9. HP: 33/45 MP: 7/13
  6524 | D:7      | Found a staircase to the Ecumenical Temple.
  6538 | Temple   | Entered the Ecumenical Temple
  6560 | D:7      | Found a hazy altar of Hepliaklqana.
  6561 | D:7      | Noticed Dowan
  6563 | D:7      | Noticed Duvessa
  6567 | D:7      | Killed Dowan
  6575 | D:7      | Killed Duvessa
  6687 | D:7      | Noticed Prince Ribbit
  6694 | D:7      | Killed Prince Ribbit
  6694 | D:7      | Reached * piety under Dithmenos
  6718 | D:7      | Reached skill level 5 in Fighting
  7009 | D:7      | Slain by a wight
  7009 | D:7      | Lost a life (0 lives remaining)
  7269 | D:7      | Slain by a wight

Illustrated notes

Levels and vault maps discovered:
D:1:      dpeg_arrival_pits, layout_loops_corners, basic_ecumenical_altar,
          serial_shops, nicolae_shop_rolled_up, kennysheep_boxes
D:2:      layout_loops_ring, basic_altar
D:3:      minmay_bubble_buster, layout_rooms, tso_metal_star, minitemple,
          elyvilon_altar_4, minivault_14, grunt_ministairs_8
D:4:      layout_rooms, zin_purify, gammafunk_ghost_smash, dk_noncrumbling_3,
          uniq_menkaure, uniq_crazy_yiuf_cottage
D:5:      layout_cave_pools, serial_library, serial_library_hellmonk_room_b,
          serial_library_hellmonk_recessed_alcove,
          serial_library_regret_index_double_sided,
          serial_library_hellmonk_secret_room,
          serial_library_hellmonk_recessed_alcove,
          serial_library_regret_index_small_wings, minmay_holes
D:6:      layout_basic, grunt_dithmenos_smoke_and_mirrors, uniq_eustachio
D:7:      layout_cave_pods, nicolae_hepliaklqana_hazy_memory,
          minmay_temple_entry_drinking_statues, uniq_prince_ribbit1,
          uniq_duvessa
Temple:   hellmonk_temple_forest_ring

Skill      XL: |  1  2  3  4  5  6  7  8  9 |
---------------+----------------------------+-----
Unarmed Combat | 2 3 5 7 8 9 |  9.9
Ice Magic      | 1 2 3 |  3.0
Hexes          | 5 7 |  7.0
Fighting       | 3 5 |  5.7
Stealth        | 7 9 |  9.3
Dodging        | |  2.6
Spellcasting   | |  2.0

Action                     |  1- 3 |  4- 6 |  7- 9 || total
---------------------------+-------+-------+-------++-------
  Melee: Unarmed           |    97 |   116 |   198 ||   411
         Bite              |    11 |    14 |    28 ||    53
         Punch             |     1 |     2 |    16 ||    19
   Cast: Ensorcelled Hiber |     6 |    30 |    32 ||    68
         Confusing Touch   |       |     1 |    13 ||    14
    Use: Scroll            |     2 |       |     4 ||     6
         Potion            |       |     1 |       ||     1
   Stab: Sleeping          |    15 |    18 |    32 ||    65
         Invisible         |       |     2 |       ||     2
         Confused          |       |       |     9 ||     9
         Distracted        |       |       |     1 ||     1
 Armour: Skin              |    22 |    45 |    77 ||   144
  Dodge: Dodged            |    77 |    97 |   202 ||   376
